 Dungeon Crawl Stone Soup version 0.28-b1-1-g3c77fb2ed1 (webtiles) character file.

Game seed: 10615554775910426388

613 lordive the Destroyer (level 7, -4/38 HPs)
             Began as a Tengu Conjurer on Jan 31, 2022.
             Slain by Duvessa (8 damage)
             ... on level 4 of the Dungeon.
             The game lasted 00:05:14 (4276 turns).

lordive the Destroyer (Tengu Conjurer)              Turns: 4276, Time: 00:05:14

Health: -4/38      AC:  2    Str:  7    XL:     7   Next: 44%
Magic:  4/15       EV: 15    Int: 21    God:
Gold:   188        SH:  0    Dex: 12    Spells: 12/15 levels left

rFire   . . .      SeeInvis .   (no weapon)
rCold   . . .      Faith    .   (no shield)
rNeg    . . .      Spirit   .   a - +0 robe
rPois   .          Reflect  .   (helmet restricted)
rElec   .          Harm     .   (no cloak)
rCorr   .          Rampage  .   (no gloves)
Will    .....                   (boots unavailable)
Stlth   ++........              (no amulet)
HPRegen 0.12/turn               (no ring)
MPRegen 0.14/turn               (no ring)

@: flying quickly and evasively, quick
A: beak, talons 3, nimble flight
a: no special abilities


You were on level 4 of the Dungeon.
You visited 1 branch of the dungeon, and saw 4 of its levels.

You collected 188 gold pieces.

Inventory:

Armour
 a - a +0 robe (worn)
Wands
 n - a wand of flame (18)
Scrolls
 c - 2 scrolls of teleportation {unknown}
 g - a scroll of blinking {unknown}
 h - a scroll of torment {unknown}
 i - 3 scrolls of vulnerability {unknown}
 j - a scroll of enchant weapon {unknown}
 k - 2 scrolls of identify {unknown}
 l - 2 scrolls of enchant armour {unknown}
Potions
 b - a potion of attraction {unknown}
 d - a potion of brilliance {unknown}
 e - a potion of curing {unknown}
 f - a potion of berserk rage {unknown}
 m - a potion of lignification {unknown}
 o - a potion of heal wounds {unknown}
 p - a potion of flight {unknown}


   Skills:
 + Level 1.0 Fighting
 + Level 3.4 Dodging
 + Level 2.5 Stealth
 + Level 4.8 Spellcasting
 + Level 8.6 Conjurations


You had 12 spell levels left.
You knew the following spells:

 Your Spells              Type           Power      Damage    Failure   Level
a - Magic Dart            Conj           100%       1d8       1%          1
b - Searing Ray           Conj           82%        2d7       1%          2

Your spell library contained the following spells:

 Spells                   Type           Power      Damage    Failure   Level
 Dazzling Flash           Conj/Hex       46%        N/A       5%          3
 Fulminant Prism          Conj/Hex       11%        3d9       19%         4
 Iskenderun's Mystic Bla  Conj/Tloc      23%        2d6       19%         4
 Ozocubu's Armour         Ice            5%         N/A       32%         3
 Metabolic Englaciation   Hex/Ice        2%         N/A       97%         5
 Simulacrum               Ice/Necr       2%         N/A       100%        6


Dungeon Overview and Level Annotations

Branches:
Dungeon (4/15)
 Temple: D:4-7

Altars:
Gozag

Annotations:
D:4 Dowan, Duvessa


Innate Abilities, Weirdness & Mutations

You have a beak for a mouth.
You have claws for feet.
Your magical nature lets you fly swiftly and evasively.


Message History

Duvessa shouts!
You hear a shout! x3
The magic dart hits Duvessa.
Duvessa is lightly wounded.
A hobgoblin comes into view.
Casting: Magic Dart (safe; 1% risk of failure)
Confirm with . or Enter, or press ? or * to list all spells.
Aiming: Searing Ray (safe; 1% risk of failure)
Press: ? - help, Shift-Dir - straight line, f/p - Duvessa
Aim: Duvessa, wielding a +0 short sword and wearing a +0 scale mail (lightly wounded, 87% to hit)
The searing ray hits Duvessa!
Duvessa is moderately wounded. (Press . to maintain the ray.) Unknown command.
The searing ray misses Duvessa.
The searing ray hits the hobgoblin.
You kill the hobgoblin!
Duvessa hits you with a +0 short sword!
Your Fighting skill increases to level 1!
The searing ray hits Duvessa!
Duvessa is severely wounded.
Duvessa barely misses you.
The searing ray hits Duvessa.
Duvessa is almost dead.
You finish channelling your searing ray.
Duvessa hits you with a +0 short sword!
Casting: Searing Ray (safe; 1% risk of failure)
Confirm with . or Enter, or press ? or * to list all spells.
Aiming: Searing Ray (safe; 1% risk of failure)
Press: ? - help, Shift-Dir - straight line, f/p - Duvessa
Aim: Duvessa, wielding a +0 short sword and wearing a +0 scale mail (almost dead, 87% to hit)
The searing ray misses Duvessa. (Press . to maintain the ray.) Duvessa hits you with a +0 short sword!
* * * LOW HITPOINT WARNING * * *
The searing ray hits Duvessa but does no damage.
Duvessa is almost dead.
Duvessa misses you.
The searing ray hits Duvessa.
Duvessa is almost dead.
Duvessa hits you with a +0 short sword!
You die...

#####..#......
#..##K.)......
#..##.##.#.###
#..##.##.#
#######........#
.K...)..###.####
######### #...
############.#
#.@e..†..# #.#
#.######## #.#
#.# #.# #.# #.#
#.# ######.#
##.######...##.##
#...........##..#
#..####.........#
#
#..#<>..........#


You could see Duvessa.

Vanquished Creatures
  Sigmund (D:3)
  Menkaure (D:4)
  An ogre (D:4)
  A kobold brigand (D:4)
  A scorpion (D:4)
  4 adders
  An adder skeleton (D:4)
  A dart slug (D:2)
  9 orcs
  11 endoplasms
  5 giant cockroaches
  9 hobgoblins
  A quokka (D:2)
  8 ball pythons
  2 bats
  8 frilled lizards
  6 goblins
  11 kobolds
  6 rats
87 creatures vanquished.

Vanquished Creatures (others)
  22 plants (D:4)
22 creatures vanquished.

Grand Total: 109 creatures vanquished

Notes
Turn   | Place    | Note
-------+----------+-------------------------------------------
     0 | D:1      | lordive the Tengu Conjurer began the quest for the Orb.
     0 | D:1      | Reached XP level 1. HP: 10/10 MP: 4/4
   467 | D:1      | Reached XP level 2. HP: 15/15 MP: 4/6
   470 | D:1      | Learned a level 2 spell: Searing Ray
   765 | D:1      | Reached skill level 6 in Conjurations
  1195 | D:2      | Reached XP level 3. HP: 19/19 MP: 5/7
  1880 | D:2      | Reached XP level 4. HP: 15/24 MP: 0/8
  2199 | D:2      | Found a faded altar of an unknown god.
  2647 | D:3      | Found an opulent altar of Gozag.
  3070 | D:3      | Noticed Sigmund
  3078 | D:3      | Killed Sigmund
  3079 | D:3      | Reached skill level 7 in Conjurations
  3079 | D:3      | Gained mutation: Your magical nature lets you fly swiftly
                  | and evasively. [Tengu growth]
  3079 | D:3      | Reached XP level 5. HP: 17/28 MP: 2/11
  3079 | D:3      | Reached XP level 6. HP: 20/33 MP: 2/12
  3473 | D:4      | Noticed Dowan
  3595 | D:4      | Reached skill level 8 in Conjurations
  3826 | D:4      | Noticed Menkaure
  3830 | D:4      | Reached XP level 7. HP: 37/37 MP: 5/14
  3852 | D:4      | Killed Menkaure
  4265 | D:4      | Noticed Duvessa
  4272 | D:4      | Reached skill level 1 in Fighting
  4276 | D:4      | Slain by Duvessa

Illustrated notes

Levels and vault maps discovered:
D:1:      saegor_arrival_under_anarchy, layout_basic, minmay_misc_feat_enclosed,
          grunt_decor_mini_mirrors, st_stairs_10, chequers_mini_garden,
          chequers_arboretum
D:2:      layout_basic, chequers_ecumenical_altar_lobes, guppyfry_early_orc_mine
D:3:      layout_rooms, overflow_temple_1_default, minmay_hedge_maze,
          uniq_sigmund
D:4:      layout_loops_ring, lexackson_kobold_supper, uniq_menkaure,
          uniq_duvessa

Skill      XL: |  1  2  3  4  5  6  7 |
---------------+----------------------+-----
Conjurations   | 6 7 8 |  8.6
Spellcasting   | 3 4 |  4.8
Dodging        | 3 |  3.4
Fighting       | 1 |  1.0
Stealth        | |  2.5

Action                   |  1- 3 |  4- 6 |  7- 9 || total
-------------------------+-------+-------+-------++-------
Melee: Unarmed           |       |     2 |       ||     2
 Cast: Magic Dart        |    72 |    52 |     6 ||   130
       Searing Ray       |     2 |     9 |     6 ||    17
Armor: Robe              |     7 |    11 |       ||    18
Dodge: Dodged            |    19 |    26 |     7 ||    52
